 Dungeon Crawl Stone Soup version 0.31-a0-705-ga145531891 (webtiles) character file.

Game seed: 16652107083523969348

2163 Ekaitz the Zephyrmancer (level 9, -1/51 HPs)
             Began as a Tengu Air Elementalist on Sept 9, 2023.
             Was an Initiate of Vehumet.
             Slain by Duvessa
             ... wielding a +0 rapier
              (14 damage)
             ... on level 5 of the Dungeon.
             The game lasted 00:10:26 (6466 turns).

Ekaitz the Zephyrmancer (Tengu Air Elementalist)    Turns: 6466, Time: 00:10:27

Health: -1/51      AC:  3    Str:  9    XL:     9   Next: 32%
Magic:  3/17       EV: 18    Int: 23    God:    Vehumet [......]
Gold:   399        SH:  0    Dex: 17    Spells: 8/18 levels left

rFire   . . .        z - +2 spear (flame)
rCold   . . .        (no shield)
rNeg    . . .        a - +0 robe
rPois   .            (helmet restricted)
rElec   .            x - +0 cloak
rCorr   .            (no gloves)
SInv    .            (boots unavailable)
Will    +....        y - amulet of regeneration
Stlth   ++           C - +6 ring of intelligence
HPRegen 1.08/turn    H - ring of willpower
MPRegen 0.15/turn

%: acrobat
@: flying
A: beak, talons 3, evasive flight, acrobatic
a: Renounce Religion


You were on level 5 of the Dungeon.
You worshipped Vehumet.
Vehumet was noncommittal.
You visited 2 branches of the dungeon, and saw 7 of its levels.

You collected 399 gold pieces.

Inventory:

Hand Weapons
 f - a +0 dagger
 z - a +2 spear of flaming (weapon)
 D - a +2 falchion of protection
 G - a +3 dire flail of draining
Missiles
 d - 13 poisoned darts
Armour
 a - a +0 robe (worn)
 x - a +0 cloak (worn)
Magical Staves
 F - a staff of death
Jewellery
 l - an amulet of faith
 q - a ring of see invisible
 r - a ring of ice
 y - an amulet of regeneration (around neck)
 C - a +6 ring of intelligence (left hand)
 H - a ring of willpower (right hand)
Talismans
 s - a flux talisman
 v - a maw talisman
Wands
 o - a wand of flame (6)
 A - a wand of roots (5)
Scrolls
 c - 4 scrolls of teleportation {unknown}
 e - 7 scrolls of identify {unknown}
 g - a scroll of noise {unknown}
 h - a scroll of enchant weapon {unknown}
 i - a scroll of immolation {unknown}
 k - a scroll of fear {unknown}
 m - a scroll of blinking {unknown}
 n - a scroll of summoning {unknown}
 t - 3 scrolls of poison {unknown}
 w - a scroll of enchant armour {unknown}
Potions
 b - a potion of magic
 j - a potion of curing {unknown}
 p - a potion of haste {unknown}
 u - 2 potions of lignification {unknown}
 B - a potion of enlightenment {unknown}
 E - a potion of heal wounds {unknown}


   Skills:
 * Level 3.6 Fighting
 + Level 0.4 Polearms
 * Level 5.2 Dodging
 + Level 2.7 Stealth
 + Level 5.0 Spellcasting
 * Level 7.3 Conjurations
 * Level 9.6 Air Magic
 * Level 1.6 Evocations


You had 8 spell levels left.
You knew the following spells:

 Your Spells              Type           Power      Damage    Failure   Level
a - Shock                 Conj/Air       100%       1d9       1%          1
b - Static Discharge      Conj/Air       88%        2-6/arc   1%          2
c - Swiftness             Air            50%        N/A       1%          3
d - Airstrike             Air            25%        2d(4-20)  1%          4

Your spell library contained the following spells:

 Spells                   Type           Power      Damage    Failure   Level
 Hailstorm                Conj/Ice       22%        3d7       6%          3
 Freeze                   Ice            20%        1d4       10%         1
 Frozen Ramparts          Ice            10%        1d2       28%         3


Dungeon Overview and Level Annotations

Branches:
Dungeon (6/15)             Temple (1/1) D:6

Altars:
Ashenzari
Cheibriados
Dithmenos
Elyvilon
Fedhas
Gozag
Hepliaklqana
Kikubaaqudgha
Makhleb
Nemelex Xobeh
Qazlal
Ru
Sif Muna
Trog
Uskayaw
Vehumet
Wu Jian
Xom
Yredelemnul
Zin
The Shining One

Shops:
D:5 :

Annotations:
D:5 Duvessa


Innate Abilities, Weirdness & Mutations

You have a beak for a mouth.
You have claws for feet.
Your magical flight helps you evade attacks. (EV +4)
You can magically evade attacks while moving or waiting.


Message History

Aim: Duvessa, wielding a +0 rapier and wearing a +1 chain mail of poison resistance (moderately wounded, berserk, 84% to hit)
The zap hits Duvessa but does no damage.
Duvessa is moderately wounded.
The zap hits Duvessa.
Duvessa is moderately wounded.
Duvessa misses you.
Casting: Shock (safe; 1% risk of failure)
Confirm with . or Enter, or press ? or * to list all spells.
Okay, then.
Aiming: Fastroot
Press: ? - help, Shift-Dir - straight line, f/p - Duvessa
Aim: Duvessa, wielding a +0 rapier and wearing a +1 chain mail of poison resistance (moderately wounded, berserk)
The roots erupt in riotous growth!
Roots grab Duvessa.
The grasping roots constrict Duvessa.
Duvessa hits you with a +0 rapier!
* * * LOW HITPOINT WARNING * * *
Duvessa closely misses you.
Unknown command.
The grasping roots constrict Duvessa.
Duvessa struggles to escape constriction.
The grasping roots constrict Duvessa.
The roots release their grip on Duvessa.
Aiming: Fastroot
Press: ? - help, Shift-Dir - straight line, f/p - Duvessa
Aim: Duvessa, wielding a +0 rapier and wearing a +1 chain mail of poison resistance (heavily wounded, berserk)
The roots erupt in riotous growth!
Roots grab Duvessa.
The grasping roots constrict Duvessa.
Duvessa misses you.
The grasping roots constrict Duvessa.
Duvessa escapes!
Duvessa completely misses you.
Casting: Shock (safe; 1% risk of failure)
Confirm with . or Enter, or press ? or * to list all spells.
Duvessa is struck by an arc of lightning!
Duvessa is severely wounded.
You are struck by an arc of lightning.
* * * LOW HITPOINT WARNING * * *
Duvessa is struck by an arc of lightning!
Duvessa is almost dead.
The lightning grounds out.
Duvessa hits you with a +0 rapier!
You die...

#..# #.# #.##.# #.##
#.###....# ####.#
#.##....## ..##.#
#.##.#.## #.#[.#
###.##.#..# #.#)##
#...##.##.#
#...####.####.##.#
..[..##..####.##e#
...........##.##@#
.###.##.##....##.# .#
#.#..###....#.#
####...####.##.#.######
....(..##...##........#
##.....#..####........#
#.#...#.## #.>......#
#.#...#.# #.[...>..#
........# #........#


You could see Duvessa (berserk).

Vanquished Creatures
  Grinder (D:5)
  Sigmund (D:4)
  Eustachio (D:6)
  Menkaure (D:5)
  Edmund (D:6)
  A sky beast (D:6)
  A black bear (D:5)
  2 ogres
  2 centaurs
  2 phantoms
  3 bullfrogs (D:6)
  3 scorpions
  Dowan (D:5)
  2 jellies
  A hound (D:5)
  A gnoll bouda (D:5)
  Ijyb (D:5)
  An iguana (D:5)
  An orc wizard (D:4)
  3 gnolls (D:5)
  4 adders
  2 ufetubi
  3 worms
  A dart slug (D:1)
  11 orcs
  7 ball pythons
  7 endoplasms
  4 giant cockroaches
  10 goblins
  9 hobgoblins
  10 kobolds
  A quokka (D:2)
  11 bats
  A frilled lizard (D:1)
  3 rats
114 creatures vanquished.

Notes
Turn   | Place    | Note
-------+----------+-------------------------------------------
     0 | D:1      | Ekaitz the Tengu Air Elementalist began the quest for the
                  | Orb.
     0 | D:1      | Reached XP level 1. HP: 10/10 MP: 4/4
   268 | D:1      | Reached XP level 2. HP: 15/15 MP: 1/6
   271 | D:1      | Learned a level 2 spell: Static Discharge
   987 | D:1      | Reached skill level 5 in Air Magic
   987 | D:1      | Reached XP level 3. HP: 19/19 MP: 5/7
   991 | D:1      | Learned a level 3 spell: Swiftness
  1559 | D:2      | Reached XP level 4. HP: 24/24 MP: 4/8
  2380 | D:3      | Found a hide-covered altar of Uskayaw.
  3347 | D:4      | Reached skill level 1 in Fighting
  3347 | D:4      | Noticed a phantom
  3357 | D:3      | Reached XP level 5. HP: 16/29 MP: 1/10
  3417 | D:4      | Killed a phantom
  3725 | D:4      | Noticed Sigmund
  3810 | D:4      | Noticed an ogre
  3816 | D:4      | Killed an ogre
  3817 | D:4      | Reached skill level 6 in Air Magic
  3817 | D:4      | Reached XP level 6. HP: 35/35 MP: 5/11
  3822 | D:4      | Learned a level 4 spell: Airstrike
  3877 | D:4      | Killed Sigmund
  3878 | D:4      | Gained mutation: Your magical flight helps you evade
                  | attacks. (EV +4) [Tengu growth]
  3878 | D:4      | Reached XP level 7. HP: 15/40 MP: 0/13
  4401 | D:5      | Entered Level 5 of the Dungeon
  4461 | D:5      | Noticed Menkaure
  4481 | D:5      | Killed Menkaure
  4482 | D:5      | Reached skill level 5 in Conjurations
  4482 | D:5      | Reached skill level 7 in Air Magic
  4663 | D:5      | Found Reuneir's Self-Improvement Boutique.
  4727 | D:5      | Noticed Grinder
  4744 | D:5      | Killed Grinder
  4745 | D:5      | Reached XP level 8. HP: 45/45 MP: 7/15
  4932 | D:5      | Reached skill level 8 in Air Magic
  5124 | D:5      | Noticed Dowan
  5139 | D:5      | Noticed Duvessa
  5307 | D:5      | Noticed Ijyb
  5310 | D:5      | Killed Ijyb
  5536 | D:6      | Reached skill level 5 in Dodging
  5539 | D:6      | Noticed Edmund
  5547 | D:6      | Reached skill level 9 in Air Magic
  5547 | D:6      | Reached skill level 1 in Evocations
  5547 | D:6      | Reached XP level 9. HP: 51/51 MP: 1/17
  5752 | D:6      | Noticed Eustachio
  5763 | D:6      | Killed Eustachio
  5968 | D:6      | Found a staircase to the Ecumenical Temple.
  5980 | Temple   | Entered the Ecumenical Temple
  5994 | Temple   | Became a worshipper of Vehumet
  6156 | D:6      | Killed Edmund
  6157 | D:6      | Reached skill level 5 in Spellcasting
  6416 | D:5      | Killed Dowan
  6466 | D:5      | Slain by Duvessa

Illustrated notes

Levels and vault maps discovered:
D:1:      eino_arrival_cavern_d, layout_basic
D:2:      layout_loops_ring
D:3:      layout_basic, mainiacjoe_overflow_brackets, grunt_decor_cap
D:4:      layout_basic, serial_glass, glass_columns_c, glass_columns_a,
          minmay_misc_feat_encased, uniq_sigmund
D:5:      layout_rooms, nicolae_shop_self_help, uniq_grinder, uniq_duvessa,
          uniq_ijyb, uniq_menkaure
D:6:      nicolae_cairo_tiling, layout_rooms, minmay_temple_entry_offerings,
          uniq_edmund, uniq_eustachio
Temple:   nicolae_temple_slightly_damp_pantheon

Skill      XL: |  1  2  3  4  5  6  7  8  9 |
---------------+----------------------------+-----
Air Magic      | 5 6 7 9 |  9.6
Conjurations   | 2 3 4 6 7 |  7.3
Fighting       | 1 2 3 |  3.6
Dodging        | 3 4 5 |  5.2
Spellcasting   | 3 4 5 |  5.0
Evocations     | 1 |  1.6
Polearms       | |  0.4
Stealth        | |  2.7

Action                     |  1- 3 |  4- 6 |  7- 9 || total
---------------------------+-------+-------+-------++-------
  Melee: Unarmed           |     2 |       |       ||     2
         Kick              |     1 |       |     4 ||     5
         Dagger            |       |     4 |     4 ||     8
         Peck              |       |     1 |     4 ||     5
         Spear             |       |       |     7 ||     7
   Cast: Shock             |    69 |    96 |   107 ||   272
         Airstrike         |       |     2 |    18 ||    20
         Static Discharge  |       |     1 |    10 ||    11
  Evoke: Wand              |       |       |     2 ||     2
 Armour: Robe              |     6 |    13 |    22 ||    41
  Dodge: Dodged            |     8 |    11 |    58 ||    77

Table legend: (Time is in decaauts)
 A = Elapsed time spent in this place.
 B = Non-inter-level travel time spent in this place.
 C = Inter-level travel time spent in this place.
 D = Time resting spent in this place.
 E = Time spent auto-exploring this place.
 F = Levels seen in this place.
 G = Mean time per level.
                   A        B        C        D        E       F      G
               +--------+--------+--------+--------+--------+-----+--------+
         Total |   6464 |   6319 |    145 |    320 |   5168 |   7 |  923.4 |
       Dungeon |   6435 |   6304 |    131 |    320 |   5168 |   6 | 1072.5 |
        Temple |     28 |     14 |     14 |      0 |      0 |   1 |   28.0 |
               +--------+--------+--------+--------+--------+-----+--------+

Top non-repeatable levels by time:
     D:3: 1205 daAuts
     D:1: 1122 daAuts
     D:2: 1071 daAuts
     D:5: 1065 daAuts
     D:4: 1033 daAuts
     D:6: 938 daAuts
  Temple: 28 daAuts
